 Dungeon Crawl Stone Soup version 0.15.2 (webtiles) character file.

67 4tharraofdagon the Firebug (level 3, -3/14 HPs)
             Began as a Felid Fire Elementalist on Jan 17, 2015.
             Killed by static electricity
             ... invoked by Tarquin's ghost
              (6 damage)
             ... on Level 4 of the Dungeon.
             The game lasted 00:06:22 (1179 turns).

4tharraofdagon the Firebug (FeFE)                   Turns: 1179, Time: 00:06:23

HP  -3/14        AC  1     Str  7      XL: 3   Next: 98%
MP   3/8         EV 23     Int 17      God:
Gold 111         SH  0     Dex 21      Spells:  2 memorised,  3 levels left
Lives: 0, deaths: 1

rFire  . . .     SeeInvis +     (weapon unavailable)
rCold  . . .     Clarity  .     (armour unavailable)
rNeg   . . .     rCorr    .     (shield unavailable)
rPois  .         rRot     .     (helmet unavailable)
rElec  .         Spirit   .     (cloak unavailable)
SustAb .         Warding  .     (gloves unavailable)
rMut   .         Stasis   .     (boots unavailable)
Gourm  .                        (no amulet)
MR     .....                    (no ring)
                                a - +3 ring of strength

@: agile, quick, not resistant to hostile enchantments, stealthy
A: paw claws, no armour, no weapons or thrown items, fangs 3, see invisible,
carnivore 3, speed 1, shaggy fur 1, slow metabolism 1, jump 1
a: Jump Attack


You were on level 4 of the Dungeon.
You were very full.

You visited 1 branch of the dungeon, and saw 4 of its levels.

You collected 111 gold pieces.

Inventory:

Comestibles
 c - 3 meat rations
 f - a slice of pizza
Scrolls
 d - a scroll of enchant armour {unknown}
 e - 2 scrolls of identify {unknown}
 h - 3 scrolls of teleportation
 i - 2 scrolls of blinking {unknown}
 k - a scroll of enchant weapon
 o - a scroll of magic mapping {unknown}
 t - a scroll of noise {unknown}
Jewellery
 a - a +3 ring of strength (left paw)
Potions
 g - a potion of lignification
 j - a potion of flight {unknown}
 l - a potion of haste {unknown}
 m - a potion of cancellation {unknown}
 n - a potion of brilliance {unknown}
 p - a potion of agility
 q - a potion of poison {unknown}
 r - a potion of restore abilities {unknown}
 s - a potion of invisibility {unknown}
 u - 2 potions of heal wounds {unknown}
Books
 b - a book of Flames

   Spells                             Type                      Level
   *Flame Tongue                      Conjuration/Fire             1
   Throw Flame                        Conjuration/Fire             2
   *Conjure Flame                     Conjuration/Fire             3
   Inner Flame                        Hexes/Fire                   3
   Sticky Flame                       Conjuration/Fire             4
   Fireball                           Conjuration/Fire             5


   Skills:
 - Level 2.6 Dodging
 - Level 2.6 Stealth
 + Level 2.6 Spellcasting
 * Level 2.6 Conjurations
 * Level 3.8 Fire Magic


You had 3 spell levels left.
You knew the following spells:

 Your Spells              Type           Power        Failure   Level  Hunger
a - Flame Tongue          Conj/Fire      ##...        6%          1    #......
b - Conjure Flame         Conj/Fire      ##......     17%         3    ###....


Dungeon Overview and Level Annotations

Branches:
Dungeon (4/15)
 Temple: D:4-7

Altars:

Annotations:
D:3 Terence
D:4 Tarquin's ghost, average TeAE


Innate Abilities, Weirdness & Mutations

You cannot wear armour.
You are incapable of wielding weapons or throwing items.
Your paws have sharp claws.
You have razor-sharp teeth.
You have supernaturally acute eyesight.
You are carnivorous and can eat meat at any time.
You cover ground quickly.
You are covered in fur (AC +1).
You have a slow metabolism.
You can jump attack at a short distance.


Message History

Aiming: Flame Tongue
Press: ? - help, Shift-Dir - straight line, f/p - Tarquin's ghost
Aim: Tarquin's ghost (lightly damaged, covering ground quickly)
The flame tongue hits Tarquin's ghost.
Tarquin's ghost is lightly damaged.
Tarquin's ghost casts a spell.
You are struck by lightning.
* * * LOW HITPOINT WARNING * * *
The lightning arcs!
Tarquin's ghost is struck by lightning.
The lightning grounds out.
The orc is struck by lightning.
The orc dies!
The lightning grounds out.
Unknown command.
Unknown command.
Drink which item? (? for menu, Esc to quit)
You feel agile all of a sudden.
It was a potion of agility.
Tarquin's ghost casts a spell.
You are struck by lightning.
You die...

### #.. #.### #... #.)
#.# #W# #@# #.# #.# #?#
#.# #.# #.# #.# #.# #.#
... #.# ####.#.#
#.######.# #....#.#
J........########.####.##


You could see Tarquin's ghost.

Vanquished Creatures
  A hound (D:4)
  A worker ant (D:4)
  3 adders
  An ooze (D:1)
  5 bats
  6 hobgoblins
  4 jackals (D:4)
  2 giant cockroaches
  A giant gecko (D:1)
  5 giant newts
  4 goblins
  2 kobolds
  5 rats
40 creatures vanquished.

Vanquished Creatures (others)
  An orc (D:4)
1 creature vanquished.

Grand Total: 41 creatures vanquished

Notes
Turn   | Place    | Note
--------------------------------------------------------------
     0 | D:1      | 4tharraofdagon, the Felid Fire Elementalist, began the quest for the Orb.
     0 | D:1      | Reached XP level 1. HP: 7/7 MP: 4/4
    14 | D:1      | Reached skill level 1 in Conjurations
   173 | D:1      | Reached XP level 2. HP: 6/11 MP: 3/5
   276 | D:1      | Reached skill level 3 in Fire Magic
   391 | D:2      | Reached XP level 3. HP: 6/14 MP: 0/8
   543 | D:2      | Learned a level 3 spell: Conjure Flame
   934 | D:3      | Noticed Terence
  1052 | D:4      | Reached XP level 4. HP: 3/18 MP: 0/11
  1089 | D:4      | Mangled by an iguana
  1090 | D:4      | Reached XP level 3. HP: -6/14 MP: 3/8
  1171 | D:4      | Noticed Tarquin's ghost (average TeAE)
  1179 | D:4      | Killed from afar by Tarquin's ghost

Action                   |  1- 3 |  4- 6 || total
-------------------------+-------+-------++-------
Melee: Unarmed           |    61 |       ||    61
 Cast: Flame Tongue      |    69 |     2 ||    71
  Use: Potion            |     4 |       ||     4
       Scroll            |     2 |       ||     2
 Stab: Sleeping          |     2 |       ||     2
  Eat: Chunk             |    12 |       ||    12
